 Dungeon Crawl Stone Soup version 0.19.0-2-gae57169 (webtiles) character file.

104 Exaltedone87 the Skirmisher (level 4, -5/40 HPs)
             Began as a Draconian Berserker on Nov 6, 2016.
             Was a Believer of Trog.
             Slain by an orc
             ... wielding a +0 hand axe
              (7 damage)
             ... on level 3 of the Dungeon.
             The game lasted 00:05:41 (1942 turns).

Exaltedone87 the Skirmisher (Draconian Berserker)   Turns: 1942, Time: 00:05:41

Health: -5/40      AC:  6    Str: 20    XL:     4   Next: 52%
Magic:  4/4        EV: 10    Int:  7    God:    Trog [**....]
Gold:   151        SH:  0    Dex: 11    Spells: 0 memorised, 3 levels left

rFire  . . .     SeeInvis .     a - +0 mace
rCold  . . .     Gourm    .     (armour unavailable)
rNeg   . . .     Faith    .     c - +0 shield
rPois  .         Spirit   .     (helmet restricted)
rElec  .         Reflect  .     (no cloak)
rCorr  .         Harm     .     e - +0 pair of gloves
MR     .....                    (no boots)
Stlth  +.........               (no amulet)
                                (no ring)
                                (no ring)

@: confused
A: unfitting armour, mutation resistance 1, cold-blooded, MP-powered wands, AC
+5
a: Berserk, Trog's Hand, Burn Spellbooks, Renounce Religion


You were on level 3 of the Dungeon.
You worshipped Trog.
Trog was pleased with you.
You were not hungry.

You visited 1 branch of the dungeon, and saw 3 of its levels.

You collected 151 gold pieces.

Inventory:

Hand Weapons
 a - a +0 mace (weapon)
Missiles
 f - 3 poisoned tomahawks (quivered)
Armour
 c - a +0 shield (worn)
 e - a +0 pair of gloves (worn)
Wands
 d - a wand of flame (24/48)
Scrolls
 i - a scroll of amnesia
Potions
 g - a potion of resistance
Comestibles
 b - 2 bread rations


   Skills:
 + Level 4.2 Fighting
 * Level 4.0 Maces & Flails
 + Level 3.2 Dodging
 + Level 1.0 Shields


You had 3 spell levels left.
You didn't know any spells.

Dungeon Overview and Level Annotations

Branches:
Dungeon (3/15)

Altars:
Elyvilon
The Shining One


Innate Abilities, Weirdness & Mutations

Your plain brown scales are hard. (AC +5)
You cannot fit into any form of body armour.
You are cold-blooded and may be slowed by cold attacks.
You are somewhat resistant to further mutation.
You expend magic power (3 MP) to strengthen your wands.


Message History

Beogh smites you!
* * * LOW HITPOINT WARNING * * *
The orc wizard hits you but does no damage.
The orc barely misses you.
You're too confused!
You miss the orc wizard.
The orc wizard is moderately wounded.
The orc wizard hits you but does no damage.
The orc hits you but does no damage. The orc priest closely misses you.
The orc wizard closely misses you. The orc hits you with a hand axe.
* * * LOW HITPOINT WARNING * * *
You're too confused!
Your shield prevents you from hitting the orc wizard.
The orc wizard is moderately wounded.
The orc wizard hits you but does no damage.
The orc hits you but does no damage.
You bump into the rock wall.
The orc priest barely misses you.
The orc wizard hits you but does no damage.
The orc barely misses you. The orc hits you with a hand axe!
You die...

*,*,,,,,,,,,,,,* *.#,**,,,,******
*.#,,*,**,* ##### *.#,,*,**,*
#...# *.#,**,**,*
##...############.#,#*,**,*
..................#.#*,**,*
................o.>.#*,**,*
#####.##...#####@o..#*,**,*******
...*#.##.....#*#oo..#*,,,,,,,,,,,
...*#.##.....+,...(.#****,*******
...*#.##.....######.#*,,,,****
...*#.##.....#*,,,,...,,,,,,,*
...*#.##.....#*,***,##.****,**
...*#.##.....#*+*,,,,,,.,,*,*
...*#.####+###,,,,,,**,**,*,*
...**,* **+***,,,,,,**,**,*,*


You could see an orc priest, an orc wizard and 2 orcs.

Vanquished Creatures
  2 adders (D:2)
  4 worms
  4 dart slugs
  3 leopard geckos (D:1)
  2 orcs (D:3)
  2 giant cockroaches
  8 goblins
  12 hobgoblins
  A quokka (D:2)
  A ball python (D:1)
  7 bats
  5 frilled lizards
  3 kobolds (D:1)
  6 rats
60 creatures vanquished.

Notes
Turn   | Place    | Note
-------+----------+-------------------------------------------
     0 | D:1      | Exaltedone87 the Draconian Berserker began the quest for the Orb.
     0 | D:1      | Reached XP level 1. HP: 19/19 MP: 1/1
   139 | D:1      | Reached XP level 2. HP: 14/26 MP: 2/2
   533 | D:1      | Reached ** piety under Trog
   533 | D:1      | Reached XP level 3. HP: 30/33 MP: 3/3
   810 | D:1      | Gained mutation: You expend magic power (3 MP) to strengthen your wands. [potion of mutation]
   810 | D:1      | Gained mutation: You are somewhat resistant to further mutation. [potion of mutation]
   833 | D:2      | Found a white marble altar of Elyvilon.
  1380 | D:2      | Reached XP level 4. HP: 33/40 MP: 4/4
  1704 | D:3      | Found a glowing golden altar of the Shining One.
  1735 | D:3      | Reached skill level 1 in Shields
  1940 | D:3      | HP: 2/40 [orc/hand axe (3)]
  1942 | D:3      | Slain by an orc

Skill      XL: |  1  2  3  4 |
---------------+-------------+-----
Fighting       | 4 |  4.2
Dodging        | 3 |  3.2
Maces & Flails | 4 |  4.0
Shields        | 1 |  1.0

Action                   |  1- 3 |  4- 6 || total
-------------------------+-------+-------++-------
Melee: Mace              |   126 |    53 ||   179
       Tailslap          |     8 |     7 ||    15
Throw: Tomahawk          |       |     4 ||     4
  Use: Potion            |     5 |     1 ||     6
       Scroll            |       |     4 ||     4
 Stab: Sleeping          |     2 |       ||     2
  Eat: Bread ration      |     1 |       ||     1
Armor: Skin              |    51 |    25 ||    76
Dodge: Dodged            |    74 |    33 ||   107
Block: Shield            |    15 |    25 ||    40
